 Dungeon Crawl Stone Soup version 0.23.2-40-g277498a001 (webtiles) character file.

Game seed: 17333400531476463416

396 Hylith the Skirmisher (level 6, -10/49 HPs)
             Began as a Demonspawn Fighter on Sept 25, 2019.
             Mangled by an ogre
             ... wielding a +0 giant club
              (17 damage)
             ... on level 4 of the Dungeon.
             The game lasted 00:06:26 (4024 turns).

Hylith the Skirmisher (Demonspawn Fighter)          Turns: 4024, Time: 00:06:26

Health: -10/49     AC: 15    Str: 19    XL:     6   Next: 52%
Magic:  0/6        EV:  3    Int:  9    God:
Gold:   204        SH: 10    Dex: 18    Spells: 5/5 levels left

rFire    . . .     SeeInvis .     - Unarmed
rCold    . . .     Gourm    .   b - +0 shield
rNeg     + . .     Faith    .   o - +0 plate armour
rPois    .         Spirit   +   (helmet restricted)
rElec    .         Reflect  .   t - scarf {Spirit}
rCorr    .         Harm     .   w - +0 pair of gloves (curse)
MR       .....                  (no boots)
Stlth    ..........             (no amulet)
HPRegen  0.16/turn              m - +6 ring of dexterity
MPRegen  0.10/turn              y - ring of positive energy

@: no status effects
A: antennae 1, iridescent scales 1, nightstalker 1, rot immunity
a: no special abilities


You were on level 4 of the Dungeon.
You were not hungry.

You visited 1 branch of the dungeon, and saw 4 of its levels.

You collected 204 gold pieces.

Inventory:

Armour
 a - a +0 scale mail
 b - a +0 shield (worn)
 o - a +0 plate armour (worn)
 t - a scarf of spirit shield (worn)
 w - a cursed +0 pair of gloves (worn)
Jewellery
 m - a +6 ring of dexterity (left hand)
 y - a ring of positive energy (right hand)
 D - an uncursed ring of magical power
Wands
 x - a wand of digging (4)
Scrolls
 e - 2 scrolls of amnesia {unknown}
 f - a scroll of fog {unknown}
 g - 3 scrolls of immolation {unknown}
 h - a scroll of fear {unknown}
 i - 8 scrolls of identify {unknown}
 j - a scroll of remove curse {unknown}
 n - 2 scrolls of teleportation {unknown}
 r - 2 scrolls of magic mapping {unknown}
 s - 2 scrolls of blinking {unknown}
 v - a scroll of enchant armour {unknown}
Potions
 c - 2 potions of might
 k - 4 potions of curing {unknown}
 l - a potion of invisibility {unknown}
 p - a potion of cancellation {unknown}
 q - a potion of resistance {unknown}
 u - a potion of magic {unknown}
 z - a potion of berserk rage {unknown}
 A - a potion of haste {unknown}
 B - a potion of flight {unknown}
 C - 2 potions of agility {unknown}
Comestibles
 d - 11 rations
 E - 9 chunks of flesh


   Skills:
 + Level 4.5 Fighting
 + Level 4.1 Armour
 + Level 4.0 Shields
 + Level 3.4 Unarmed Combat


You had 5 spell levels left.
You didn't know any spells.
Your spell library was empty.

Dungeon Overview and Level Annotations

Branches:
Dungeon (4/15)
 Temple: D:4-7

Altars:
Fedhas
Kikubaaqudgha
Ru
Trog
Uskayaw
Zin
The Shining One

Annotations:
D:3 exclusion: oklob plant


Innate Abilities, Weirdness & Mutations

You have a pair of small antennae on your head.
You are partially covered in iridescent scales. (AC +2)
You are slightly more attuned to the shadows.
You are immune to rotting.


Message History

You hit the ogre.
The ogre is moderately wounded.
The ogre hits you with a +0 giant club!
* * * LOW HITPOINT WARNING * * *
You punch the ogre!
The ogre is heavily wounded.
Your plate armour prevents you from hitting the ogre.
The ogre is heavily wounded.
The ogre hits you with a +0 giant club!
* * * LOW HITPOINT WARNING * * *
You hit the ogre.
The ogre is severely wounded.
The ogre barely misses you.
You hit the ogre.
The ogre is almost dead.
You block the ogre's attack.
You completely miss the ogre.
The ogre is almost dead.
The ogre hits you with a +0 giant club!
You die...

..#......#..........#
..#......#..........#
..#......######.....###
..#......#....#######..
..#......#.............
..#......#.............
..#......#.............
..#......#....##...##.
..#......###'###@..#
..#......##...##O..#
..#########...#....#
..#......##...#....#
..#.(.........#....#
..#...........#....#
..#...........#....#
..+...........#
..#...........#


You could see an ogre.

Vanquished Creatures
  An ogre (D:4)
  2 scorpions (D:4)
  A jelly (D:4)
  A worker ant (D:3)
  7 adders
  4 worms
  2 dart slugs
  2 leopard geckos
  8 orcs
  7 giant cockroaches
  7 hobgoblins
  3 jackals (D:2)
  7 bats
  10 frilled lizards
  9 goblins
  9 kobolds
  A quokka skeleton (D:4)
  6 rats
87 creatures vanquished.

Notes
Turn   | Place    | Note
-------+----------+-------------------------------------------
     0 | D:1      | Hylith the Demonspawn Fighter began the quest for the Orb.
     0 | D:1      | Reached XP level 1. HP: 18/18 MP: 1/1
   275 | D:1      | Gained mutation: You have a pair of small antennae on your
                  | head. [demonic ancestry]
   275 | D:1      | Reached XP level 2. HP: 24/24 MP: 2/2
   968 | D:2      | Gained mutation: You are slightly more attuned to the
                  | shadows. [demonic ancestry]
   968 | D:2      | Reached XP level 3. HP: 29/29 MP: 3/3
  1507 | D:2      | Reached XP level 4. HP: 16/36 MP: 4/4
  1747 | D:2      | Found a faded altar of an unknown god.
  2509 | D:3      | Found a glowing golden altar of the Shining One.
  2544 | D:3      | Gained mutation: You are partially covered in iridescent
                  | scales. (AC +2) [demonic ancestry]
  2544 | D:3      | Reached XP level 5. HP: 37/42 MP: 5/5
  2628 | D:3      | Found a hide-covered altar of Uskayaw.
  2722 | D:3      | Found a blossoming altar of Fedhas.
  2740 | D:3      | Noticed an oklob plant
  3142 | D:4      | Found a bloodstained altar of Trog.
  3144 | D:4      | Found an ancient bone altar of Kikubaaqudgha.
  3146 | D:4      | Found a sacrificial altar of Ru.
  3528 | D:4      | Found a glowing silver altar of Zin.
  3549 | D:4      | Gained mutation: You are immune to rotting. [demonic
                  | ancestry]
  3549 | D:4      | Reached XP level 6. HP: 16/49 MP: 3/6
  4024 | D:4      | Mangled by an ogre

Skill      XL: |  1  2  3  4  5  6 |
---------------+-------------------+-----
Unarmed Combat | 2 3 |  3.4
Armour         | 3 4 |  4.1
Shields        | 3 4 |  4.0
Fighting       | 4 |  4.5

Action                   |  1- 3 |  4- 6 || total
-------------------------+-------+-------++-------
Melee: Unarmed           |   240 |   296 ||   536
  Eat: Chunk             |     2 |     5 ||     7
       Ration            |       |     1 ||     1
Armor: Scale mail        |    67 |       ||    67
       Plate armour      |    52 |   152 ||   204
Dodge: Dodged            |    31 |    39 ||    70
Block: Shield            |   109 |   154 ||   263
